 Seeded DCSS version 0.29-a0-1065-g47a6bb87d6 (webtiles) character file.

Game seed: 1 (custom seed)

464 Kazon the Slasher (level 6, -4/51 HPs)
             Began as a Demigod Fighter on Aug 18, 2022.
             Slain by an ogre
             ... wielding a +0 giant club
              (21 damage)
             ... on level 4 of the Dungeon.
             The game lasted 00:11:36 (2985 turns).

Kazon the Slasher (Demigod Fighter)                 Turns: 2985, Time: 00:11:37

Health: -4/51      AC: 11    Str: 21    XL:     6   Next: 50%
Magic:  8/8        EV:  9    Int: 10    God:
Gold:   789        SH:  5    Dex: 17    Spells: 5/5 levels left

rFire   . . .      SeeInvis .   q - +3 falchion of Winter {venom, rCorr}
rCold   . . .      Faith    .   c - +0 buckler
rNeg    . . .      Spirit   .   b - +0 scale mail
rPois   .          Reflect  .   j - +0 helmet
rElec   .          Harm     .   (no cloak)
rCorr   +          Rampage  .   (no gloves)
Will    .....                   k - +2 pair of boots
Stlth   ..........              r - amulet of regeneration
HPRegen 0.97/turn               (no ring)
MPRegen 0.11/turn               (no ring)

@: no status effects
A: high MP 1, forlorn, divine attributes
a: no special abilities


You were on level 4 of the Dungeon.
You visited 1 branch of the dungeon, and saw 4 of its levels.

You collected 1271 gold pieces.
You spent 482 gold pieces at shops.

Inventory:

Hand Weapons
 a - a +0 long sword
 p - a +5 flail of protection
 q - the +3 falchion of Winter (weapon) {venom, rCorr}
   (You bought it in a shop on level 3 of the Dungeon)

   It poisons the flesh of those it strikes.
   rCorr:     It protects you from acid and corrosion.
Missiles
 e - 4 boomerangs
 i - 8 stones (quivered)
 o - 7 poisoned darts
Armour
 b - a +0 scale mail (worn)
 c - a +0 buckler (worn)
 j - a +0 helmet (worn)
 k - a +2 pair of boots (worn)
Jewellery
 r - an amulet of regeneration (around neck)
Wands
 w - a wand of mindburst (12)
Scrolls
 m - 2 scrolls of identify {unknown}
 n - 2 scrolls of enchant weapon {unknown}
 s - a scroll of immolation {unknown}
 t - a scroll of fog {unknown}
Potions
 d - a potion of might
 g - a potion of flight {unknown}
 h - a potion of attraction {unknown}
 l - a potion of berserk rage {unknown}
 u - a potion of magic {unknown}
 v - a potion of ambrosia {unknown}


   Skills:
 * Level 3.6 Fighting
 + Level 4.4 Long Blades
 + Level 1.0 Maces & Flails
 * Level 1.9 Throwing
 + Level 3.6 Armour
 + Level 1.1 Dodging
 + Level 0.4 Stealth
 + Level 3.2 Shields


You had 5 spell levels left.
You didn't know any spells.
Your spell library contained the following spells:

 Spells                   Type           Power      Damage    Failure   Level
 Apportation              Tloc           0%         N/A       80%         1
 Necrotise                Necr           0%         1d4       80%         1
 Sting                    Tmut/Pois      0%         1d3       80%         1
 Summon Small Mammal      Summ           0%         N/A       80%         1
 Poisonous Vapours        Pois/Air       0%         N/A       90%         2
 Olgreb's Toxic Radiance  Pois           0%         N/A       100%        4


Dungeon Overview and Level Annotations

Branches:
Dungeon (4/15)
 Temple: D:4-7

Shops:
D:3 (


Innate Abilities, Weirdness & Mutations

You have an increased reservoir of magic. (+10% MP)
You shall have no god before yourself.
Your divine heritage dramatically boosts your attributes as you level up.


Message History

Things that are here:
a +0 dagger; a +0 ring mail A phantom comes into view.
You see here a quokka corpse.
Throw: 9 stones
Press: ? - help, Q - select action, (/) - cycle Shift-Dir - straight line, f - phantom
Aim: a phantom (50% to hit)
You throw a stone.
The stone hits the phantom but does no damage.
Unknown command.
You miss the phantom. The phantom hits you.
The phantom blinks!
You blink.
An ogre and a hobgoblin come into view.
You barely miss the phantom.
The ogre shouts!
The hobgoblin shouts!
You block the phantom's attack.
You closely miss the phantom. The phantom hits you.
The phantom blinks!
You blink.
You barely miss the phantom.
The hobgoblin hits you but does no damage.
The phantom hits you but does no damage.
The ogre barely misses you.
You barely miss the phantom. You block the phantom's attack.
The hobgoblin hits you. You block the ogre's attack.
You block the phantom's attack. The hobgoblin hits you.
You hit the hobgoblin.
The hobgoblin is poisoned.
The hobgoblin is heavily wounded.
The hobgoblin closely misses you. You block the ogre's attack.
The phantom hits you but does no damage.
You slash the hobgoblin!
You kill the hobgoblin!
The phantom closely misses you.
You slash the phantom!
The phantom is moderately damaged.
The ogre hits you with a +0 giant club!!
The phantom hits you but does no damage.
You hit the ogre.
The ogre is lightly wounded.
The phantom hits you but does no damage.
The ogre hits you with a +0 giant club!!
You die...

#..#....###.[....######..+
##....###......#)#
#...###......###.#
#)###......###†..#
#)#......###.§.###
#......###...###.#
##......##..##...#
###......##....#
#.##......##O@##
#..##......##W...#
##..##......##..##
#....##......##..#
#.##..##......##.#
###....##......###
#...##..##......##
#.###...###†.....#
###...###......#'#


You could see an ogre and a phantom.

Vanquished Creatures
  A water moccasin (D:4)
  A black bear (D:4)
  An ogre (D:4)
  A hound (D:4)
  An iguana (D:4)
  3 gnolls (D:2)
  2 adders (D:2)
  An ufetubus (D:4)
  2 worms
  2 dart slugs
  5 orcs
  7 endoplasms
  A giant cockroach (D:1)
  7 goblins
  8 hobgoblins
  7 jackals
  4 kobolds
  4 quokkas
  4 ball pythons
  2 bats
  4 frilled lizards
  5 rats
73 creatures vanquished.

Notes
Turn   | Place    | Note
-------+----------+-------------------------------------------
     0 | D:1      | Kazon the Demigod Fighter began the quest for the Orb.
     0 | D:1      | Reached XP level 1. HP: 18/18 MP: 3/3
    91 | D:1      | Identified a scroll of acquirement
    91 | D:1      | Acquired 1028 gold pieces
   480 | D:1      | Reached skill level 2 in Long Blades
   480 | D:1      | Reached XP level 2. HP: 22/25 MP: 4/4
  1391 | D:2      | Reached XP level 3. HP: 22/31 MP: 5/5
  1763 | D:3      | Found Umat's Antique Weapon Boutique.
  1773 | D:3      | Bought a glowing flail for 149 gold pieces
  1773 | D:3      | Bought a crude falchion for 184 gold pieces
  1773 | D:3      | Identified the +3 falchion of Winter {venom, rCorr} (You
                  | bought it in a shop on level 3 of the Dungeon)
  1773 | D:3      | Bought a runed long sword for 149 gold pieces
  2087 | D:2      | Reached XP level 4. HP: 28/38 MP: 6/6
  2405 | D:3      | Reached skill level 1 in Maces & Flails
  2762 | D:4      | Reached skill level 3 in Long Blades
  2808 | D:4      | Reached XP level 5. HP: 40/45 MP: 7/7
  2820 | D:4      | Reached skill level 1 in Throwing
  2862 | D:4      | Noticed an ogre
  2862 | D:4      | Noticed a water moccasin
  2883 | D:4      | Killed a water moccasin
  2892 | D:4      | Killed an ogre
  2893 | D:4      | Reached skill level 4 in Long Blades
  2893 | D:4      | Reached skill level 1 in Dodging
  2893 | D:4      | Reached XP level 6. HP: 15/51 MP: 8/8
  2985 | D:4      | Slain by an ogre

Illustrated notes

Levels and vault maps discovered:
D:1:      dpeg_arrival_three_smaller_balls, layout_basic
D:2:      layout_loops_ring
D:3:      layout_basic, serial_shops, nicolae_shop_stone, st_stairs_7
D:4:      minmay_razor_zed, layout_basic, worldfamousw_hep_ancestral_shrine,
          uniq_eustachio, uniq_natasha

Skill      XL: |  1  2  3  4  5 |
---------------+----------------+-----
Shields        | 3 |  3.2
Long Blades    | 2 3 4 |  4.4
Fighting       | 3 |  3.6
Armour         | 3 |  3.6
Maces & Flails | 1 |  1.0
Throwing       | 1 |  1.9
Dodging        | 1 |  1.1
Stealth        | |  0.4

Action                   |  1- 3 |  4- 6 || total
-------------------------+-------+-------++-------
Melee: Long sword        |    94 |       ||    94
       Falchion          |    30 |   103 ||   133
Throw: Stone             |     5 |     9 ||    14
  Use: Scroll            |     1 |       ||     1
       Potion            |       |     1 ||     1
Armor: Scale mail        |    69 |    49 ||   118
Dodge: Dodged            |    46 |    39 ||    85
Block: Buckler           |    25 |    17 ||    42

Table legend: (Time is in decaauts)
 A = Elapsed time spent in this place.
 B = Non-inter-level travel time spent in this place.
 C = Inter-level travel time spent in this place.
 D = Time resting spent in this place.
 E = Time spent auto-exploring this place.
 F = Levels seen in this place.
 G = Mean time per level.
                   A        B        C        D        E       F      G
               +--------+--------+--------+--------+--------+-----+--------+
         Total |   3025 |   2903 |    122 |      0 |   1595 |   4 |  756.2 |
       Dungeon |   3025 |   2903 |    122 |      0 |   1595 |   4 |  756.2 |
               +--------+--------+--------+--------+--------+-----+--------+

Top non-repeatable levels by time:
     D:2: 1255 daAuts
     D:1: 1027 daAuts
     D:3: 472 daAuts
     D:4: 271 daAuts
